 Dungeon Crawl Stone Soup version 0.30.1-3-gfc49f6343a (webtiles) character file.

Game seed: 9739806770920174132

283 Gabide the Shooter (level 6, -1/56 HPs)
             Began as a Naga Hunter on July 29, 2023.
             Slain by Grinder (6 damage)
             ... on level 3 of the Dungeon.
             The game lasted 00:07:44 (2155 turns).

Gabide the Shooter (Naga Hunter)                    Turns: 2155, Time: 00:07:45

Health: -1/56      AC:  4    Str: 13    XL:     6   Next: 28%
Magic:  6/6        EV: 11    Int:  9    God:
Gold:   84         SH:  0    Dex: 17    Spells: 5/5 levels left

rFire   . . .        a - +0 shortbow
rCold   . . .        (shield currently unavailable)
rNeg    . . .        c - +0 leather armour
rPois   +            (helmet restricted)
rElec   .            e - scarf {shadows}
rCorr   .            d - +0 pair of gloves
SInv    +            (no barding)
Will    .....        (no amulet)
Stlth   ++           (no ring)
HPRegen 0.29/turn    (no ring)
MPRegen 0.10/turn

%: no passive effects
@: short of breath, flying, very slow
A: AC +2, large, see invisible, deformed body, poison resistance, slowness 2,
spit poison 1, naga tail 1, horns 1, sturdy frame 1
a: Spit Poison


You were on level 3 of the Dungeon.
You visited 1 branch of the dungeon, and saw 3 of its levels.

You collected 84 gold pieces.

Inventory:

Hand Weapons
 a - a +0 shortbow (weapon)
 b - a +0 dagger
Armour
 c - a +0 leather armour (worn)
 d - a +0 pair of gloves (worn)
 e - a scarf of shadows (worn)
 f - a +0 helmet
Jewellery
 l - a ring of fire
Potions
 j - a potion of mutation
 k - a potion of might {unknown}
 m - a potion of degeneration {unknown}


   Skills:
 - Level 3.0 Fighting
 + Level 5.4 Ranged Weapons
 - Level 3.0 Dodging
 - Level 3.0 Stealth


You had 5 spell levels left.
You didn't know any spells.
Your spell library contained the following spells:

 Spells                   Type           Power      Damage    Failure   Level
 Apportation              Tloc           0%         N/A       38%         1
 Necrotise                Necr           0%         1d4       38%         1
 Summon Small Mammal      Summ           0%         N/A       38%         1


Dungeon Overview and Level Annotations

Branches:
Dungeon (3/15)

Altars:

Annotations:
D:3 Grinder


Innate Abilities, Weirdness & Mutations

Your serpentine skin is tough. (AC +2)
You have supernaturally acute eyesight. (SInv)
Armour fits poorly on your strangely shaped body.
Your system is resistant to poisons. (rPois)
You cover ground very slowly.
You can spit poison.
You have a snake-like lower body.
You have a pair of small horns on your head.
Your movements are slightly less encumbered by armour. (ER -2)


Message History

Grinder closely misses you.
Grinder blinks!
You shoot an arrow. The arrow closely misses Grinder.
You have got your breath back.
Grinder gestures at you.
You suddenly lose the ability to move!
Grinder hits you.
You writhe in agony.
You can move again.
Unknown command.
Aiming: Spit Poison (1% risk of failure)
Press: ? - help, Q - select action, (/) - cycle Shift-Dir - straight line, f/p - Grinder
Aim: Grinder (severely wounded, poisoned, 54% to hit)
The splash of poison misses Grinder.
Grinder looks more healthy.
Grinder closely misses you.
Unknown command.
It was a potion of flight.
You feel very buoyant.
You fly up into the air.
Grinder hits you but does no damage.
You can't do that yet.
Fire: a) +0 shortbow
Press: ? - help, Shift-Dir - straight line, f/p - Grinder
Aim: Grinder (severely wounded, 60% to hit)
You shoot an arrow. The arrow barely misses Grinder.
You have got your breath back.
Grinder hits you.
Unknown command.
Aiming: Spit Poison (1% risk of failure)
Press: ? - help, Q - select action, (/) - cycle Shift-Dir - straight line, f/p - Grinder
Aim: Grinder (severely wounded, 54% to hit)
The splash of poison misses Grinder.
Grinder gestures at you. Pain shoots through your body!
* * * LOW HITPOINT WARNING * * *
Fire: a) +0 shortbow
Press: ? - help, Shift-Dir - straight line, f/p - Grinder
Aim: Grinder (severely wounded, 60% to hit)
You shoot an arrow. The arrow closely misses Grinder.
Grinder hits you.
* * * LOW HITPOINT WARNING * * *
You writhe in agony.
You die...

######.###########
#.#..# #.# #.#..#
#.# #<...#
#.########
#.......#..#
#........#
###.#...#.....
########.#
..)#.#.#### #.#
#.#.#.#.. #5#
#..#.#.### #@# #.
# #.. #.# # ###
#.# #.# #.# #.#
..#


You could see Grinder.

Vanquished Creatures
  Sigmund (D:2)
  Terence (D:2)
  3 gnolls
  2 worms (D:2)
  3 dart slugs
  3 ball pythons
  4 bats
  7 endoplasms
  4 giant cockroaches
  8 goblins
  7 hobgoblins
  A quokka (D:1)
  5 frilled lizards
  3 kobolds
  7 rats
59 creatures vanquished.

Notes
Turn   | Place    | Note
-------+----------+-------------------------------------------
     0 | D:1      | Gabide the Naga Hunter began the quest for the Orb.
     0 | D:1      | Reached XP level 1. HP: 19/19 MP: 1/1
    93 | D:1      | Reached XP level 2. HP: 26/26 MP: 2/2
   353 | D:1      | Reached XP level 3. HP: 33/33 MP: 3/3
   866 | D:2      | Reached skill level 4 in Ranged Weapons
   890 | D:2      | Noticed Sigmund
  1153 | D:2      | Reached XP level 4. HP: 40/40 MP: 4/4
  1465 | D:2      | Killed Sigmund
  1466 | D:2      | Reached skill level 5 in Ranged Weapons
  1466 | D:2      | Reached XP level 5. HP: 49/49 MP: 5/5
  1466 | D:2      | Reached XP level 6. HP: 56/56 MP: 6/6
  1582 | D:2      | Found a faded altar of an unknown god.
  1604 | D:2      | Noticed Terence
  1616 | D:2      | Killed Terence
  2127 | D:3      | Noticed Grinder
  2136 | D:3      | Gained mutation: Your movements are slightly less
                  | encumbered by armour. (ER -2) [potion of mutation]
  2136 | D:3      | Gained mutation: You have a pair of small horns on your
                  | head. [potion of mutation]
  2149 | D:3      | Paralysed by Grinder for 2 turns
  2155 | D:3      | Slain by Grinder

Illustrated notes

Levels and vault maps discovered:
D:1:      shiori_shiawase, layout_basic
D:2:      layout_rooms, serial_forest, infiniplex_forest_3_way,
          infiniplex_forest_straight_1, infiniplex_forest_zigzag_1,
          infiniplex_forest_straight_3, infiniplex_forest_clump_long,
          infiniplex_forest_lined_3_way, infiniplex_forest_split,
          infiniplex_forest_corner_2, infiniplex_forest_corner_1,
          ebering_ecumenical_altar_hall, mrwooster_statue_mirror,
          minmay_worlds_worst_comb, uniq_sigmund, uniq_terence
D:3:      layout_basic, mainiacjoe_overflow_concentric_impassable, hex_tiny,
          minmay_misc_feat_cross, minmay_misc_feat_secret_circle,
          minmay_pentomino_pile, uniq_natasha, uniq_grinder

Skill      XL: |  1  2  3  4 |
---------------+-------------+-----
Stealth        | 2 3 |  3.0
Dodging        | 2 3 |  3.0
Ranged Weapons | 4 5 |  5.4
Fighting       | 3 |  3.0

Action                     |  1- 3 |  4- 6 || total
---------------------------+-------+-------++-------
   Fire: Shortbow          |    65 |   168 ||   233
Ability: Spit Poison       |    15 |    26 ||    41
    Use: Scroll            |       |     5 ||     5
         Potion            |       |     3 ||     3
 Armour: Leather armour    |       |     3 ||     3
  Dodge: Dodged            |    12 |    18 ||    30
